Map: Terraços Prion

Players

Light (SpeCial)

  • Race: Terran Terran
  • League: Master

Kelazhur - Winner!

  • Race: Terran Terran
  • League: Grandmaster

Event: Copa America 2016 Season 1

VOD

Have the link to the VOD?

Description

Time

  • Played on: Feb. 17, 2016, 7:02 p.m.
  • Length: 4:00

All games in this series

Show
View Real Time Build Order
Export as new Build Order

Light Terran 

Build Orders: Reaper Expand 

Get SALT Encoding   

  12  0:01  SCV  
  13  0:13  SCV  
  14  0:17  Supply Depot  
  14  0:25  SCV  
  15  0:39  SCV  
  15  0:40  Barracks  
  16  0:43  Refinery  
  16  0:51  SCV  
  17  1:03  SCV  
  18  1:15  SCV  
  19  1:28  Reaper, Orbital Command  
  20  1:42  Command Center  
  20  1:52  Supply Depot  
  20  1:55  SCV  
  20  2:00  Marine  
  22  2:06  Factory  
  22  2:14  Bunker  
  22  2:17  Marine  
  23  2:24  Bunker  
  23  2:25  SCV  
  24  2:35  Marine  
  25  2:37  SCV  
  26  2:46  Supply Depot  
  26  2:49  SCV  
  26  2:52  Engineering Bay  
  26  2:56  Hellion  
  27  2:59  Marine  
  27  3:07  SCV  
  26  3:17  Hellion  
  23  3:29  Marine  
  21  3:39  Hellion  
Show
View Real Time Build Order
Export as new Build Order

Kelazhur Terran - Winner!

Build Orders:  

Get SALT Encoding   

  12  0:01  SCV  
  13  0:13  SCV  
  14  0:17  Supply Depot  
  14  0:25  SCV  
  15  0:38  SCV  
  15  0:39  Barracks  
  16  0:43  Refinery  
  16  0:50  SCV  
  17  0:58  Barracks  
  17  1:02  SCV  
  18  1:15  SCV  
  19  1:21  Barracks  
  19  1:26  Refinery  
  19  1:30  Reaper  
  21  1:42  Orbital Command  
  20  1:47  Reaper  
  21  1:59  Supply Depot  
  21  2:02  Reaper  
  23  2:14  Reaper  
  23  2:20  SCV  
  24  2:23  Reaper  
  25  2:33  SCV  
  25  2:36  Reaper  
  27  2:40  Supply Depot  
  27  2:45  SCV  
  27  2:46  Reaper  
  29  2:57  SCV  
  30  3:00  Reaper  
  30  3:08  Reaper  
  30  3:09  SCV  
  32  3:17  Command Center  
  32  3:18  Reaper  
Tags
 
Add a new tag
Caveats
  • Supply blocks, unpowered buildings, or Contaminate may cause inaccurate times.
  • Supply counts are checked every 10 seconds.